 Dungeon Crawl Stone Soup version 0.28.0 (webtiles) character file.

Game seed: 13761523739205732704

15776 Kaptain the Geomancer (level 12, -22/72 HPs)
             Began as a Gargoyle Earth Elementalist on Feb 13, 2022.
             Hit by a silver javelin thrown by a minotaur (27 damage)
             ... in a Gauntlet.
             The game lasted 00:44:50 (14082 turns).

Kaptain the Geomancer (GrEE)                       Turns: 14082, Time: 00:44:51

Health: -22/72     AC: 18    Str: 11      XL:     12   Next: 30%
Magic:  12/25      EV: 12    Int: 25 (28) God:
Gold:   628        SH:  4    Dex: 10      Spells: 16/29 levels left

rFire   + . .      SeeInvis +   x - +6 flail of Balance {freeze, rPois rC+++ Will+}
rCold   + + +      Faith    .   t - +0 buckler
rNeg    + . .      Spirit   .   c - +0 troll leather armour {Pargi}
rPois   ∞          Reflect  .   P - +1 hat {Will+}
rElec   +          Harm     .   u - +0 cloak
rCorr   +          Rampage  .   a - +0 pair of gloves
Will    +++..      NoTele   +   M - +0 pair of boots
Stlth   +++.......              (no amulet)
HPRegen 1.02/turn               j - ring of Attitude {Will+ SInv}
MPRegen 0.19/turn               w - ring of Oxess {rElec rF+ rCorr Int+6}

@: swift, very quick
A: sickness immunity, AC +8, negative energy resistance 1, electricity
resistance, torment resistance 1, petrification resistance
a: no special abilities


You were in a Gauntlet.
You visited 2 branches of the dungeon, and saw 12 of its levels.
You also visited: Sewer and Gauntlet.

You collected 697 gold pieces.
You spent 69 gold pieces at shops.

Inventory:

Hand Weapons
 d - a +1 dagger of venom
 f - a +3 spectral trident
 k - a +3 short sword of protection
 l - a +1 war axe of venom
 s - the +10 zealot's sword {holy, *Rage rN+ EV+3}
   (You found it on level 4 of the Dungeon)

   It has been blessed by the Shining One to cause great damage to the undead
   and demons.
   Whenever the wielder enters a berserk rage, their allies are berserked
   alongside them.
   EV:        It affects your evasion (+3).
   rN:        It protects you from negative energy.
   *Rage:     It berserks you when you make melee attacks (+20% chance).
 x - the +6 flail of Balance (weapon) {freeze, rPois rC+++ Will+}
   (You took it off an orc on level 5 of the Dungeon)

   It freezes those it strikes, dealing additional cold damage.
   It can also slow down cold-blooded creatures.
   rC:        It renders you almost immune to cold.
   rPois:     It protects you from poison.
   Will:      It increases your willpower.
Missiles
 y - 37 stones
 F - a throwing net
Armour
 a - a +0 pair of gloves (worn)
 c - a +0 troll leather armour (worn) {Pargi}
 i - +0 steam dragon scales
 o - a scarf of resistance
 t - a +0 buckler (worn)
 u - a +0 cloak (worn)
 B - an orb of mayhem
 L - +0 acid dragon scales
 M - a +0 pair of boots (worn)
 P - a +1 hat of willpower (worn)
Jewellery
 j - the ring of Attitude (left hand) {Will+ SInv}
   (You found it in a Gauntlet)

   [ring of willpower]

   SInv:      It lets you see invisible.
   Will:      It increases your willpower.
 p - a ring of willpower
 w - the ring of Oxess (right hand) {rElec rF+ rCorr Int+6}
   (You found it in a Gauntlet)

   [ring of intelligence]

   Int:       It affects your intelligence (+6).
   rF:        It protects you from fire.
   rElec:     It insulates you from electricity.
   rCorr:     It protects you from acid and corrosion.
 K - a +4 ring of protection
Wands
 A - a wand of iceblast (15)
Scrolls
 e - 4 scrolls of fog
 g - a scroll of vulnerability
 h - 3 scrolls of teleportation
 E - a scroll of immolation
 G - a scroll of magic mapping
Potions
 b - 5 potions of curing
 m - a potion of brilliance {unknown}
 n - 4 potions of heal wounds
 q - a potion of lignification {unknown}
 r - a potion of experience
 v - a potion of mutation {unknown}
 z - 2 potions of berserk rage
 C - 2 potions of flight
 D - 2 potions of cancellation {unknown}
 J - a potion of magic {unknown}


   Skills:
 + Level 7.4 Fighting
 + Level 5.5 Armour
 + Level 4.7 Dodging
 + Level 6.6 Stealth
 + Level 4.6 Shields
 * Level 9.1 Spellcasting
 * Level 10.1 Conjurations
 - Level 0.7 Transmutations
 * Level 11.9 Earth Magic


You had 16 spell levels left.
You knew the following spells:

 Your Spells              Type           Power      Damage    Failure   Level
a - Sandblast             Erth           100%       2d20      1%          1
b - Stone Arrow           Conj/Erth      100%       3d13      1%          3
c - Blink                 Tloc           22%        N/A       14%         2
d - Swiftness             Air            11%        N/A       26%         3
e - Petrify               Tmut/Erth      43%        N/A       7%          4

Your spell library contained the following spells:

 Spells                   Type           Power      Damage    Failure   Level
 Passwall                 Tmut/Erth      35%        N/A       1%          2
 Dazzling Flash           Conj/Hex       72%        N/A       3%          3
 Leda's Liquefaction      Hex/Erth       20%        N/A       8%          4
 Iskenderun's Mystic Bla  Conj/Tloc      36%        2d9       11%         4
 Ensorcelled Hibernation  Hex/Ice        22%        N/A       14%         2
 Call Canine Familiar     Summ           11%        N/A       26%         3
 Inner Flame              Hex/Fire       11%        N/A       26%         3
 Portal Projectile        Hex/Tloc       22%        N/A       26%         3
 Cause Fear               Hex            5%         N/A       65%         4
 Starburst                Conj/Fire      18%        6d7       86%         6
 Manifold Assault         Tloc           11%        N/A       94%         5
 Storm Form               Tmut/Air       6%         N/A       100%        7
 Discord                  Hex            5%         N/A       100%        8


Dungeon Overview and Level Annotations

Branches:
Dungeon (11/15)            Temple (1/1) D:7            Lair (0/6) D:11
    Orc (0/2) D:9           Sewer (visited)         Gauntlet (1/1)

Altars:
Ashenzari
Cheibriados
Dithmenos
Elyvilon
Fedhas
Gozag
Hepliaklqana
Kikubaaqudgha
Makhleb
Nemelex Xobeh
Okawaru
Qazlal
Ru
Sif Muna
Trog
Uskayaw
Vehumet
Wu Jian
Xom
Yredelemnul
Zin
The Shining One

Shops:
D:5 *   D:9 (

Annotations:
D:5 1 runed translucent door Gauntlet 6 transporters


Innate Abilities, Weirdness & Mutations

You are immune to sickness and miasma.
Your stone body is resilient. (AC +8)
You are immune to poison.
You resist negative energy. (rN+)
You are resistant to electric shocks. (rElec)
You are resistant to unholy torment.
You are immune to petrification.


Message History

Confirm with . or Enter, or press ? or * to list all spells.
Aiming: Stone Arrow (safe; 1% risk of failure)
Press: ? - help, Shift-Dir - straight line, f/p - minotaur
Aim: a minotaur, wielding the +9 trident of the Hungering Oracle {speed, rPois Str-5 Int+4}, wearing a +0 plate armour, wearing an amulet of the acrobat and quivering silver javelins (89% to hit)
The stone arrow hits the minotaur!
The minotaur is lightly wounded.
The minotaur throws a silver javelin.
The silver javelin closely misses you.
Unknown command.
Casting: Stone Arrow (safe; 1% risk of failure)
Confirm with . or Enter, or press ? or * to list all spells.
Aiming: Stone Arrow (safe; 1% risk of failure)
Press: ? - help, Shift-Dir - straight line, f/p - minotaur
Aim: a minotaur, wielding the +9 trident of the Hungering Oracle {speed, rPois Str-5 Int+4}, wearing a +0 plate armour, wearing an amulet of the acrobat and quivering silver javelins (lightly wounded, 89% to hit)
The stone arrow hits the minotaur!
The minotaur is moderately wounded.
The minotaur hits you from afar with the +9 trident of the Hungering Oracle {speed, rPois Str-5 Int+4}!!
Casting: Stone Arrow (safe; 1% risk of failure)
Confirm with . or Enter, or press ? or * to list all spells.
Aiming: Stone Arrow (safe; 1% risk of failure)
Press: ? - help, Shift-Dir - straight line, f/p - minotaur
Aim: a minotaur, wielding the +9 trident of the Hungering Oracle {speed, rPois Str-5 Int+4}, wearing a +0 plate armour, wearing an amulet of the acrobat and quivering silver javelins (moderately wounded, 89% to hit)
The stone arrow hits the minotaur.
The minotaur is moderately wounded.
The minotaur hits you from afar with the +9 trident of the Hungering Oracle {speed, rPois Str-5 Int+4}!!
The minotaur hits you from afar with the +9 trident of the Hungering Oracle {speed, rPois Str-5 Int+4}!
* * * LOW HITPOINT WARNING * * *
Casting: Stone Arrow (safe; 1% risk of failure)
Confirm with . or Enter, or press ? or * to list all spells.
Aiming: Stone Arrow (safe; 1% risk of failure)
Press: ? - help, Shift-Dir - straight line, f/p - minotaur
Aim: a minotaur, wielding the +9 trident of the Hungering Oracle {speed, rPois Str-5 Int+4}, wearing a +0 plate armour, wearing an amulet of the acrobat and quivering silver javelins (moderately wounded, 89% to hit)
Okay, then.
The minotaur throws a silver javelin.
The silver javelin pierces through you!
* * * LOW HITPOINT WARNING * * *
x2
Casting: Stone Arrow (safe; 1% risk of failure)
Confirm with . or Enter, or press ? or * to list all spells.
You feel quick.
The minotaur throws a silver javelin.
The silver javelin pierces through you!!
You die...

###8.# .8#.8### #....# ..#....#
#.#..# .8#..#.# #.#..##'##..#.#
#.............# #.#H##.#.##.#.#
#.#....#....#.#
###.#H#######.#.###
#§......@.......§§# ###
#8.8.8..©.©..8.8.8# ### #8#
#≈...............§# #8#
###############################
###≈...........§§§§............≈#
#8#.............§...............#
###..###########...###########..#
#..#..|=©!ZZZ#...#...[©"...#..#
###..#.#.....#.#...#.##...##.#..#


You could see a minotaur, an ice dragon simulacrum, a centaur warrior simulacrum
and a meliai simulacrum.

Vanquished Creatures
  4 two-headed ogres
  An orange crystal statue (Gauntlet)
  6 centaur zombies
  A gargoyle (D:10)
  A kobold demonologist (D:9)
  An unseen horror (D:10)
  2 trolls
  Grinder (D:4)
  3 meliai (Gauntlet)
  A raiju (Gauntlet)
  A wyvern (D:9)
  A spriggan (D:10)
  8 yaks (D:9)
  3 steam dragons
  3 vampire mosquitoes (D:9)
  Menkaure (D:4)
  Duvessa (D:5)
  2 acid dragons
  Pargi (Sewer)
  A sky beast (D:8)
  11 orc warriors
  3 black bears
  An ice beast (D:6)
  2 necrophages
  3 ogres
  2 centaurs
  A phantom (D:4)
  Blork the orc (D:5)
  3 gnoll sergeants
  3 bullfrogs (D:7)
  2 scorpions
  A water moccasin skeleton (D:4)
  Dowan (D:5)
  9 wights
  8 killer bees (D:8)
  2 howler monkeys (D:9)
  2 bullfrog zombies
  2 jellies (D:7)
  2 hounds
  3 orc priests
  4 bullfrog skeletons
  A centaur skeleton (D:7)
  5 iguanas
  Terence (D:3)
  Natasha (thrice) (D:3)
  10 orc wizards
  2 killer bee zombies
  2 hound skeletons
  A howler monkey zombie (D:8)
  Robin (D:3)
  9 gnolls
  11 adders
  2 river rats (D:5)
  2 shadow imps
  A white imp (D:7)
  2 ufetubi (D:5)
  2 adder skeletons (D:4)
  2 dart slugs
  64 orcs
  5 ball pythons
  A bat (D:3)
  6 endoplasms
  5 giant cockroaches
  5 hobgoblins
  9 kobolds
  5 quokkas
  10 frilled lizards
  14 goblins
  A goblin skeleton (D:5)
  A goblin zombie (D:5)
  A jackal skeleton (D:4)
  A jackal zombie (D:5)
  A quokka skeleton (D:4)
  5 rats
300 creatures vanquished.

Vanquished Creatures (others)
  4 plants (D:8)
  5 withered plants (D:8)
9 creatures vanquished.

Grand Total: 309 creatures vanquished

Notes
Turn   | Place    | Note
-------+----------+-------------------------------------------
     0 | D:1      | Kaptain the Gargoyle Earth Elementalist began the quest for
                  | the Orb.
     0 | D:1      | Reached XP level 1. HP: 10/10 MP: 3/3
   350 | D:1      | Reached XP level 2. HP: 12/15 MP: 5/5
  1236 | D:2      | Reached skill level 4 in Earth Magic
  1236 | D:2      | Reached XP level 3. HP: 20/20 MP: 6/6
  1240 | D:2      | Learned a level 3 spell: Stone Arrow
  1265 | D:2      | Noticed an ogre
  1272 | D:2      | Killed an ogre
  1273 | D:2      | Reached skill level 1 in Fighting
  1273 | D:2      | Reached skill level 1 in Armour
  1273 | D:2      | Reached skill level 1 in Conjurations
  1273 | D:2      | Reached XP level 4. HP: 25/25 MP: 2/8
  1273 | D:2      | Reached XP level 5. HP: 29/29 MP: 2/9
  1570 | D:3      | Noticed Terence
  1590 | D:3      | Killed Terence
  2037 | D:3      | Noticed Natasha
  2045 | D:3      | Killed Natasha
  2178 | D:3      | Noticed Natasha
  2182 | D:3      | Killed Natasha
  2183 | D:3      | Reached XP level 6. HP: 34/34 MP: 7/10
  2246 | D:3      | Noticed Natasha
  2257 | D:3      | Killed Natasha
  2416 | D:3      | Noticed Robin
  2422 | D:3      | Killed Robin
  2439 | D:3      | Learned a level 2 spell: Blink
  2630 | D:4      | Reached skill level 5 in Earth Magic
  2704 | D:4      | Noticed Grinder
  2772 | D:4      | Killed Grinder
  2773 | D:4      | Reached XP level 7. HP: 40/40 MP: 3/12
  2884 | D:4      | Found the +10 zealot's sword {holy, *Rage rN+ EV+3}
  3029 | D:4      | Noticed Menkaure
  3034 | D:4      | Killed Menkaure
  3303 | D:4      | Found a shadowy altar of Dithmenos.
  3303 | D:4      | Found a sparkling altar of Nemelex Xobeh.
  3347 | D:4      | Found a hide-covered altar of Uskayaw.
  3350 | D:4      | Found a glowing silver altar of Zin.
  3377 | D:4      | Reached skill level 6 in Earth Magic
  3377 | D:4      | Reached XP level 8. HP: 45/45 MP: 12/14
  3882 | D:5      | Entered Level 5 of the Dungeon
  3938 | D:5      | Noticed Duvessa
  3942 | D:5      | Noticed Dowan
  3947 | D:5      | Killed Duvessa
  3948 | D:5      | Reached skill level 1 in Shields
  4077 | D:5      | Killed Dowan
  4159 | D:5      | Found a glowing drain.
  4174 | Sewer    | Entered a sewer
  4637 | Sewer    | Noticed Pargi
  4643 | Sewer    | Killed Pargi
  4894 | D:5      | Reached skill level 5 in Conjurations
  4894 | D:5      | Reached skill level 7 in Earth Magic
  4894 | D:5      | Reached XP level 9. HP: 51/51 MP: 0/16
  5004 | D:5      | Reached skill level 5 in Spellcasting
  5120 | D:5      | Identified the +6 flail of Balance {freeze, rPois rC+++
                  | Will+}
  5321 | D:5      | Found a runed translucent door.
  5364 | D:5      | Found a basalt altar of Yredelemnul.
  5478 | D:5      | Noticed Blork the orc
  5483 | D:5      | Killed Blork the orc
  5857 | D:5      | Found Riso's CLEARANCE SALE!.
  5859 | D:5      | Bought 2 potions of heal wounds for 30 gold pieces
  5859 | D:5      | Bought a wand of iceblast (9) for 39 gold pieces
  5974 | D:6      | Reached skill level 5 in Stealth
  6527 | D:6      | Reached skill level 10 in Earth Magic
  6527 | D:6      | Reached XP level 10. HP: 60/60 MP: 13/21
  6647 | D:6      | Learned a level 3 spell: Swiftness
  6916 | D:7      | Found an opulent altar of Gozag.
  6916 | D:7      | Found a white marble altar of Elyvilon.
  6916 | D:7      | Found a burning altar of Makhleb.
  7221 | D:7      | Found a staircase to the Ecumenical Temple.
  7276 | Temple   | Entered the Ecumenical Temple
  8868 | D:7      | Found a shimmering blue altar of Sif Muna.
  9195 | D:8      | Reached XP level 11. HP: 66/66 MP: 17/23
  9400 | D:8      | Found a glowing golden altar of the Shining One.
  9692 | D:8      | Found an ancient bone altar of Kikubaaqudgha.
  9693 | D:8      | Found a blossoming altar of Fedhas.
  9719 | D:8      | Noticed a two-headed ogre
  9726 | D:8      | Killed a two-headed ogre
 10474 | D:9      | Noticed a two-headed ogre
 10625 | D:9      | Identified the +3 halberd of Gatydaewk {pain, +Blink rElec
                  | rF- Will-}
 10670 | D:9      | Reached skill level 11 in Earth Magic
 10731 | D:9      | Found Kurriyl's Weapon Boutique.
 10731 | D:9      | Found a staircase to the Orcish Mines.
 10731 | D:9      | Noticed a two-headed ogre
 10744 | D:9      | Killed a two-headed ogre
 11156 | D:9      | Noticed a sun demon
 11174 | D:10     | Entered Level 10 of the Dungeon
 11579 | D:10     | Noticed a two-headed ogre
 11588 | D:10     | Killed a two-headed ogre
 11589 | D:10     | Reached skill level 5 in Armour
 11994 | D:9      | Found an iron altar of Okawaru.
 12070 | D:9      | Killed a two-headed ogre
 12167 | D:9      | Reached XP level 12. HP: 72/72 MP: 12/24
 12989 | D:10     | Reached skill level 10 in Conjurations
 13272 | D:11     | Found a gate leading to a gauntlet.
 13284 | Gauntlet | Entered a Gauntlet
 13284 | Gauntlet | Noticed a death scarab
 13284 | Gauntlet | Found a transporter.
 13284 | Gauntlet | Found a transporter.
 13284 | Gauntlet | Found a transporter.
 13412 | Gauntlet | Found a transporter.
 13424 | Gauntlet | Found a transporter.
 13426 | Gauntlet | Found a transporter.
 13438 | Gauntlet | Found a transporter.
 13458 | Gauntlet | Found a transporter.
 13478 | Gauntlet | Found a transporter.
 13480 | Gauntlet | Found a transporter.
 13490 | Gauntlet | Found a transporter.
 13494 | Gauntlet | Found a transporter.
 13618 | Gauntlet | Identified the ring of Attitude {Will+ SInv}
 13746 | Gauntlet | Identified the ring of Oxess {rElec rF+ rCorr Int+6}
 14054 | Gauntlet | Identified the +9 trident of the Hungering Oracle {speed,
                  | rPois Str-5 Int+4}
 14054 | Gauntlet | Noticed a minotaur
 14068 | Gauntlet | Learned a level 4 spell: Petrify
 14079 | Gauntlet | HP: 2/72 [minotaur/silver javelin (5)]
 14082 | Gauntlet | Hit by a silver javelin thrown by a minotaur

Illustrated notes

Levels and vault maps discovered:
D:1:      ncdulo_wetmaze, layout_loops_ring, chequers_decorated_corner
D:2:      layout_loops_ring, hex_large, kennysheep_nondescript, st_stairs_1
D:3:      layout_loops_ring, uniq_terence, uniq_natasha, uniq_robin
D:4:      minmay_diamond_boxcup, layout_gridville,
          grunt_temple_overflow_cloverleaf, minmay_three_crescents,
          uniq_grinder, uniq_menkaure
D:5:      layout_loops_ring, dk_yredelemnul_ordeal, gup_sewer_entry_bubbles,
          nicolae_shop_clearance, uniq_blork_the_orc, uniq_duvessa
D:6:      layout_loops_ring, minmay_misc_feat_pillars
D:7:      minmay_razor_zed, layout_basic, led_sif_book,
          gammafunk_temple_overflow_forgotten, minmay_temple_entry_large_hall
D:8:      layout_basic, grunt_temple_overflow_growth_and_decay,
          lemuel_round_altar, grunt_ministairs_10
D:9:      layout_roguey, mainiacjoe_overflow_alcove_2, orc_david_3, minivault_10
D:10:     layout_loops_ring, special_room [special_room_orc],
          hangedman_abyss_or_decor_slice, the_hattery
D:11:     wander_river, layout_loops_corners, dpeg_lair_monsters, special_room
          [special_room_orc], gauntlet_entry_generic, grunt_tough_drop
Temple:   compressed_dpeg_triangle_lava_temple
Gauntlet: gammafunk_gauntlet_hard_choice [nicolae_gauntlet_arena_grate_2,
          gammafunk_gauntlet_arena_crates, nicolae_gauntlet_arena_t_cross,
          nicolae_gauntlet_swirl, gammafunk_gauntlet_arena_corners,
          nicolae_gauntlet_arena_blocks, nicolae_gauntlet_exit_dead_adventurers]

Skill      XL: |  1  2  3  4  5  6  7  8  9 10 11 12 |
---------------+-------------------------------------+-----
Earth Magic    | 4 5 6 7 10 11 | 11.9
Fighting       | 1 2 3 6 7 |  7.4
Armour         | 1 2 3 4 5 |  5.5
Dodging        | 2 3 4 |  4.7
Conjurations   | 1 2 3 5 8 9 10 | 10.1
Stealth        | 3 4 5 6 |  6.6
Spellcasting   | 3 4 7 8 9 |  9.1
Shields        | 2 3 4 |  4.6
Transmutations | |  0.7

Action                   |  1- 3 |  4- 6 |  7- 9 | 10-12 || total
-------------------------+-------+-------+-------+-------++-------
Melee: Dagger            |    30 |    77 |       |       ||   107
       Unarmed           |     1 |       |       |       ||     1
       Punch             |       |     3 |       |     1 ||     4
       Eudemon blade     |       |       |    44 |       ||    44
       Flail             |       |       |    10 |    88 ||    98
 Cast: Sandblast         |     9 |    28 |    50 |    95 ||   182
       Stone Arrow       |       |       |    57 |   200 ||   257
       Swiftness         |       |       |       |     1 ||     1
Evoke: Wand              |       |       |       |     4 ||     4
  Use: Scroll            |     1 |       |     9 |    10 ||    20
       Potion            |       |       |     3 |     5 ||     8
 Stab: Sleeping          |     1 |     3 |     4 |     2 ||    10
       Distracted        |       |       |     1 |       ||     1
Armor: Leather armour    |    11 |    27 |    31 |       ||    69
       Troll leather arm |       |       |    10 |   121 ||   131
Dodge: Dodged            |    14 |    50 |    94 |   137 ||   295
Block: Buckler           |       |       |       |    40 ||    40
